Reign vs Wolves
Created - January 25, 2022 at 23:37
Goals
|
| Reign |
1 |
2 |
0 |
3 |
| Wolves |
1 |
1 |
3 |
5 |
|
Shots
|
| Reign |
11 |
19 |
8 |
38 |
| Wolves |
10 |
16 |
12 |
38 |
|
1st period
1. Reign , Jordan Schmaltz 3 (Sergey Kalinin 7, Jordan Kyrou 12) at 0:40
2. Wolves , Thomas Spelling 11 (Jeff Petry 12, Antti Suomela 7) at 11:09
Penalties :
Roope Hintz (Ont) for Hooking (Minor) at 11:31, Jordan Kyrou (Ont) for Hooking (Minor) at 18:44
2nd period
3. Wolves , Joe Morrow 5 (Kyle Rau 22) at 5:54 (PP)
4. Reign , Rourke Chartier 6 (Matthew Tkachuk 9, Markus Nutivaara 17) at 12:53
5. Reign , Joel Eriksson Ek 5 (Markus Nutivaara 18, Joachim Blichfeld 8) at 19:28
Penalties :
Charlie McAvoy (Ont) for Slashing (Minor) at 5:43, Fredrik Olofsson (Chi) for Holding (Minor) at 9:15
3rd period
6. Wolves , Victor Olofsson 8 (Sebastian Aho 15, Anton Lindholm 11) at 3:47
7. Wolves , Thomas Spelling 12 (Fredrik Olofsson 3, Victor Olofsson 9) at 9:55
8. Wolves , Lawson Crouse 11 (Alexandre Grenier 19, Kyle Rau 23) at 19:47
Penalties :
Phillip Danault (Ont) for Interference (Minor) at 7:43, Nikita Tryamkin (Ont) for Slashing (Minor) at 17:28
Goalie Stats
Carter Hart (Ont), 33 saves from 38 shots - (0.868), L, 7-7-0, 60:00 minutes
Ebbe Siönäs (Chi), 35 saves from 38 shots - (0.921), W, 4-0-0, 60:00 minutes
Players Stats for Reign
Player Name G A P +/- PIM S H SB GA TA FO MP PP MP PK MP
------------------------------------------------------------------------------------
Alex Iafallo 0 0 0 0 0 4 3 0 0 0 8/19 18:55 0:00 4:19
Charlie McAvoy 0 0 0 -1 2 0 0 0 0 2 0/0 13:33 0:42 0:00
Christopher Tanev 0 0 0 0 0 1 1 1 1 1 0/0 17:19 0:00 5:15
Joachim Blichfeld 0 1 1 1 0 3 0 0 0 0 1/1 10:00 0:00 0:00
Joel Eriksson Ek 1 0 1 0 0 4 2 0 0 1 5/8 12:35 0:00 2:22
Jordan Kyrou 0 1 1 -1 2 1 0 0 0 0 0/0 15:09 0:54 0:00
Jordan Schmaltz 1 0 1 0 0 2 1 1 0 1 0/0 20:41 0:42 5:15
Josh Anderson 0 0 0 1 0 3 0 0 1 0 0/0 10:00 0:00 0:00
Kale Clague 0 0 0 0 0 0 0 1 0 0 0/0 9:50 0:00 0:00
Kyle Connor 0 0 0 0 0 0 1 0 0 0 2/2 13:45 0:54 1:50
Logan Stanley 0 0 0 0 0 0 2 0 0 0 0/0 9:50 0:00 0:00
Markus Nutivaara 0 2 2 0 0 1 2 2 1 0 0/0 19:17 1:17 2:52
Matthew Tkachuk 0 1 1 1 0 3 1 0 1 0 0/0 11:38 1:05 0:00
Mike Amadio 0 0 0 0 0 1 3 0 0 0 5/9 20:02 0:54 4:24
Nikita Tryamkin 0 0 0 -3 2 0 0 1 1 1 0/0 15:41 0:00 2:13
Phillip Danault 0 0 0 -2 2 4 1 0 0 1 0/1 16:09 0:00 1:06
Roope Hintz 0 0 0 -2 2 1 0 0 0 3 0/2 15:24 1:05 0:02
Rourke Chartier 1 0 1 1 0 7 1 1 0 0 5/10 11:56 1:05 0:18
Sergey Kalinin 0 1 1 -1 0 1 1 0 0 1 6/13 15:57 0:00 1:53
Thomas Chabot 0 0 0 1 0 2 0 0 1 1 0/0 14:07 1:17 0:39
Trevor Moore 0 0 0 0 0 0 0 0 0 0 0/0 0:00 0:00 0:00
Players Stats for Wolves
Player Name G A P +/- PIM S H SB GA TA FO MP PP MP PK MP
------------------------------------------------------------------------------------
Alexandre Grenier 0 1 1 1 0 2 3 0 1 0 4/5 23:11 4:50 1:07
Anton Lindholm 0 1 1 4 0 0 3 0 1 1 0/0 21:18 3:35 0:46
Antti Suomela 0 1 1 1 0 2 2 1 0 1 3/9 10:52 0:00 0:00
Dylan Coghlan 0 0 0 0 0 0 0 1 0 0 0/0 7:29 0:00 0:00
Eric Robinson 0 0 0 -1 0 1 1 0 1 0 0/1 18:14 3:17 0:31
Fredrik Olofsson 0 1 1 1 2 0 1 1 0 1 0/0 11:22 0:00 0:00
Jalen Chatfield 0 0 0 -1 0 0 1 0 0 2 0/0 12:00 0:00 0:00
Jeff Petry 0 1 1 4 0 2 1 0 1 1 0/0 19:47 3:35 0:46
Jeffrey Foss 0 0 0 -2 0 3 1 4 2 0 0/0 27:24 4:32 1:13
Joe Morrow 1 0 1 -2 0 5 2 2 1 0 0/0 25:23 4:32 1:13
Joona Koppanen 0 0 0 0 0 0 0 0 0 0 0/0 0:00 0:00 0:00
Kevin Stenlund 0 0 0 0 0 0 0 0 0 0 0/0 0:12 0:00 0:00
Kieffer Bellows 0 0 0 0 0 0 0 0 0 0 0/1 7:10 0:00 0:00
Kyle Rau 0 2 2 1 0 4 3 1 0 0 20/30 23:11 4:50 1:07
Lawson Crouse 1 0 1 1 0 3 2 0 1 0 0/3 21:54 4:50 0:21
Liam O'Brien 0 0 0 0 0 0 0 0 0 0 0/1 0:12 0:00 0:00
Matthew Highmore 0 0 0 0 0 0 1 0 0 0 1/2 7:10 0:00 0:00
Samuel Girard 0 0 0 -1 0 0 0 2 0 0 0/0 6:39 0:00 0:00
Sebastian Aho 0 1 1 -1 0 5 2 0 1 0 5/12 18:04 3:17 0:21
Thomas Spelling 2 0 2 1 0 2 4 1 0 0 0/1 10:52 0:00 0:00
Victor Olofsson 1 1 2 -1 0 9 2 0 3 0 0/0 17:43 3:17 0:00
Wade Allison 0 0 0 0 0 0 0 0 0 0 0/0 7:10 0:00 0:00
Zachary Senyshyn 0 0 0 0 0 0 0 0 0 0 0/0 0:43 0:00 0:31
3 Stars
1 - Thomas Spelling (Chi)
2 - Anton Lindholm (Chi)
3 - Kyle Rau (Chi)
Power Play
Reign - 0 on 1 Attempt(s) - 0.00%
Wolves - 1 on 5 Attempt(s) - 20.00%
Penalty Kill
Reign - 4 on 5 Attempt(s) - 80.00%
- Score 0 goal in Penalty Kill
Wolves - 1 on 1 Attempt(s) - 100.00%
- Score 0 goal in Penalty Kill
Team Stat
Reign - Hits : 19 - Faceoff Wins : 32 - Blocked Shots : 7 - Penalty Minutes : 10
Wolves - Hits : 29 - Faceoff Wins : 33 - Blocked Shots : 13 - Penalty Minutes : 2
Official
Referees : Dan O'Rourke and Beaudry Halkidis
Linesman : Brad Kovachik and Bryan Pancich
Game Notes
Samuel Girard is injured at 16:21 of 2nd period (Upper Body)
Finance
Level 1 -- Attendance: 1727 (86.35%) -- Ticket Income $60,445
Level 2 -- Attendance: 989 (98.90%) -- Ticket Income $14,835
Total Attendance: 2716 (90.53%)
Total Ticket Income: $75,280
Other Income: $3,764
Total Income: $79,044
Reign
5 vs 5 Forward
Center Left Wing Right Wing Time % Phy DF OF
1 Alex Iafallo Phillip Danault Mike Amadio 30 0 3 2
2 Sergey Kalinin Roope Hintz Jordan Kyrou 30 0 3 2
3 Rourke Chartier Kyle Connor Matthew Tkachuk 20 0 3 2
4 Joel Eriksson Ek Joachim Blichfeld Josh Anderson 20 0 3 2
5 vs 5 Defense
Defense Defense Time % Phy DF OF
1 Jordan Schmaltz Markus Nutivaara 30 0 3 2
2 Christopher Tanev Thomas Chabot 25 0 3 2
3 Charlie McAvoy Nikita Tryamkin 25 1 3 1
4 Logan Stanley Kale Clague 20 1 3 1
PowerPlay Forward
Center Left Wing Right Wing Time % Phy DF OF
1 Rourke Chartier Roope Hintz Matthew Tkachuk 60 0 2 3
2 Mike Amadio Kyle Connor Jordan Kyrou 40 0 2 3
PowerPlay Defense
Defense Defense Time % Phy DF OF
1 Thomas Chabot Markus Nutivaara 60 1 2 2
2 Charlie McAvoy Jordan Schmaltz 40 1 2 2
Penalty Kill 4 Players Forward
Center Wing Time % Phy DF OF
1 Mike Amadio Alex Iafallo 60 0 3 2
2 Joel Eriksson Ek Sergey Kalinin 40 0 3 2
Penalty Kill 4 Players Defense
Defense Defense Time % Phy DF OF
1 Christopher Tanev Jordan Schmaltz 60 0 4 1
2 Nikita Tryamkin Markus Nutivaara 40 0 4 1
Penalty Kill - 3 Players Forward
Forward Time % Phy DF OF
1 Mike Amadio 60 0 3 2
2 Joel Eriksson Ek 40 0 3 2
Penalty Kill - 3 Players Defense
Defense Defense Time % Phy DF OF
1 Christopher Tanev Jordan Schmaltz 60 1 4 0
2 Nikita Tryamkin Markus Nutivaara 40 1 4 0
4 vs 4 Forward
Center Wing Time % Phy DF OF
1 Alex Iafallo Kyle Connor 60 1 2 2
2 Phillip Danault Mike Amadio 40 1 2 2
4 vs 4 Defense
Defense Defense Time % Phy DF OF
1 Christopher Tanev Nikita Tryamkin 60 1 2 2
2 Jordan Schmaltz Markus Nutivaara 40 1 2 2
Last Minutes Offensive
Center Left Wing Right Wing Defense Defense
Alex Iafallo Kyle Connor Jordan Kyrou Christopher Tanev Jordan Schmaltz
Last Minutes Defensive
Center Left Wing Right Wing Defense Defense
Sergey Kalinin Alex Iafallo Mike Amadio Christopher Tanev Jordan Schmaltz
Goaltenders
Starting : Carter Hart
Backup : Garret Sparks
Extra Forwards
Normal : Mike Amadio, Matthew Tkachuk, Jordan Kyrou - PP : Joachim Blichfeld, Phillip Danault - PK : Phillip Danault
Extra Defensemen
Normal : Charlie McAvoy, Kale Clague, Logan Stanley - PP : Charlie McAvoy - PK : Thomas Chabot, Logan Stanley
Penalty Shots
Rourke Chartier, Jordan Kyrou, Kyle Connor, Phillip Danault, Joachim Blichfeld
Scratches
Blake Lizotte (Healthy), Bokondji Imama (Healthy), Jacob Josefson (Healthy), Joel Vermin (Healthy), Matt Roy (Healthy)
Michael Ferland (Healthy), Nathan Gerbe (Healthy), Dan Renouf (Healthy), Austin Czarnik (Healthy), Cal Petersen (Healthy)
Jordan Binnington (Healthy)
Wolves
5 vs 5 Forward
Center Left Wing Right Wing Time % Phy DF OF
1 Kyle Rau Lawson Crouse Alexandre Grenier 40 1 2 2
2 Sebastian Aho Eric Robinson Victor Olofsson 30 1 2 2
3 Antti Suomela Fredrik Olofsson Thomas Spelling 20 1 2 2
4 Matthew Highmore Kieffer Bellows Wade Allison 10 1 2 2
5 vs 5 Defense
Defense Defense Time % Phy DF OF
1 Jeffrey Foss Joe Morrow 40 1 2 2
2 Anton Lindholm Jeff Petry 30 1 2 2
3 Jalen Chatfield Samuel Girard 20 1 2 2
4 Dylan Coghlan Jeffrey Foss 10 1 2 2
PowerPlay Forward
Center Left Wing Right Wing Time % Phy DF OF
1 Kyle Rau Lawson Crouse Alexandre Grenier 60 1 2 2
2 Sebastian Aho Eric Robinson Victor Olofsson 40 1 2 2
PowerPlay Defense
Defense Defense Time % Phy DF OF
1 Jeffrey Foss Joe Morrow 60 1 2 2
2 Anton Lindholm Jeff Petry 40 1 2 2
Penalty Kill 4 Players Forward
Center Wing Time % Phy DF OF
1 Alexandre Grenier Kyle Rau 60 1 2 2
2 Sebastian Aho Lawson Crouse 40 1 2 2
Penalty Kill 4 Players Defense
Defense Defense Time % Phy DF OF
1 Jeffrey Foss Joe Morrow 60 1 2 2
2 Anton Lindholm Jeff Petry 40 1 2 2
Penalty Kill - 3 Players Forward
Forward Time % Phy DF OF
1 Alexandre Grenier 60 1 2 2
2 Kyle Rau 40 1 2 2
Penalty Kill - 3 Players Defense
Defense Defense Time % Phy DF OF
1 Jeffrey Foss Joe Morrow 60 1 2 2
2 Anton Lindholm Jeff Petry 40 1 2 2
4 vs 4 Forward
Center Wing Time % Phy DF OF
1 Alexandre Grenier Kyle Rau 60 1 2 2
2 Sebastian Aho Lawson Crouse 40 1 2 2
4 vs 4 Defense
Defense Defense Time % Phy DF OF
1 Jeffrey Foss Joe Morrow 60 1 2 2
2 Anton Lindholm Jeff Petry 40 1 2 2
Last Minutes Offensive
Center Left Wing Right Wing Defense Defense
Kyle Rau Lawson Crouse Alexandre Grenier Jeffrey Foss Joe Morrow
Last Minutes Defensive
Center Left Wing Right Wing Defense Defense
Kyle Rau Lawson Crouse Alexandre Grenier Jeffrey Foss Joe Morrow
Goaltenders
Starting : Ebbe Siönäs
Backup : Laurent Brossoit
Extra Forwards
Normal : Liam O'Brien, Kevin Stenlund, Zachary Senyshyn - PP : Liam O'Brien, Kevin Stenlund - PK : Zachary Senyshyn
Extra Defensemen
Normal : Jalen Chatfield, Samuel Girard, Dylan Coghlan - PP : Jalen Chatfield - PK : Samuel Girard, Dylan Coghlan
Penalty Shots
Alexandre Grenier, Kyle Rau, Sebastian Aho, Lawson Crouse, Victor Olofsson
Scratches
Jakub Zboril (Healthy), Max Friberg (Healthy)
% Time on Ice - Reign
Lines # - Real PCT - Wanted PCT - Time Play
Normal Forward
1 - 30% - 30% - 15:09
2 - 28% - 30% - 14:12
3 - 21% - 20% - 10:33
4 - 20% - 20% - 10:00
Normal Defense
1 - 30% - 30% - 15:12
2 - 24% - 25% - 12:00
3 - 26% - 25% - 12:52
4 - 20% - 20% - 9:50
PP Forward
1 - 55% - 60% - 1:05
2 - 45% - 40% - 0:54
PP Defense
1 - 65% - 60% - 1:17
2 - 35% - 40% - 0:42
PK Forward
1 - 77% - 60% - 6:14
2 - 23% - 40% - 1:53
PK Defense
1 - 65% - 60% - 5:15
2 - 35% - 40% - 2:52
PK3 Forward
1 - 0% - 60%
2 - 0% - 40%
PK3 Defense
1 - 0% - 60%
2 - 0% - 40%
44 Forward
1 - 0% - 60%
2 - 0% - 40%
44 Defense
1 - 0% - 60%
2 - 0% - 40%
Last Minute Offensive - 0:00
Last Minute Defensive - 0:00
Total
Forward - 60:00
Defense - 60:00
|
% Time on Ice - Wolves
Lines # - Real PCT - Wanted PCT - Time Play
Normal Forward
1 - 35% - 40% - 17:26
2 - 29% - 30% - 14:26
3 - 22% - 20% - 10:52
4 - 14% - 10% - 7:10
Normal Defense
1 - 38% - 40% - 18:59
2 - 31% - 30% - 15:26
3 - 24% - 20% - 12:00
4 - 7% - 10% - 3:29
PP Forward
1 - 60% - 60% - 4:50
2 - 40% - 40% - 3:17
PP Defense
1 - 56% - 60% - 4:32
2 - 44% - 40% - 3:35
PK Forward
1 - 82% - 60% - 1:38
2 - 18% - 40% - 0:21
PK Defense
1 - 61% - 60% - 1:13
2 - 39% - 40% - 0:46
PK3 Forward
1 - 0% - 60%
2 - 0% - 40%
PK3 Defense
1 - 0% - 60%
2 - 0% - 40%
44 Forward
1 - 0% - 60%
2 - 0% - 40%
44 Defense
1 - 0% - 60%
2 - 0% - 40%
Last Minute Offensive - 0:00
Last Minute Defensive - 0:00
Total
Forward - 60:00
Defense - 60:00
|
Play-by-Play
1st period
0:01 of 1st period - Alex Iafallo wins face-off versus Kyle Rau in neutral zone.
0:06 of 1st period - Snap shot by Phillip Danault.
0:06 of 1st period - Stopped by Ebbe Siönäs without a rebound.
0:07 of 1st period - Alex Iafallo wins face-off versus Kyle Rau in Wolves zone.
0:38 of 1st period - Wrist shot by Sergey Kalinin.
0:38 of 1st period - Shot Blocked by Joe Morrow.
0:40 of 1st period - Slapshot by Jordan Schmaltz.
0:40 of 1st period - Goal by Jordan Schmaltz - Reign : 1 - Wolves : 0.
0:41 of 1st period - Rourke Chartier wins face-off versus Antti Suomela in neutral zone.
0:45 of 1st period - Off-side.
0:46 of 1st period - Rourke Chartier wins face-off versus Antti Suomela in neutral zone.
0:53 of 1st period - Wrist shot by Rourke Chartier.
0:53 of 1st period - Stopped by Ebbe Siönäs with a rebound.
1:12 of 1st period - Off-side.
1:13 of 1st period - Sebastian Aho wins face-off versus Joel Eriksson Ek in neutral zone.
1:44 of 1st period - Nikita Tryamkin is hit by Lawson Crouse and loses puck.
1:49 of 1st period - Wrist shot by Alexandre Grenier.
1:49 of 1st period - Deflect By Kyle Rau.
1:49 of 1st period - Stopped by Carter Hart without a rebound.
1:50 of 1st period - Alex Iafallo wins face-off versus Kieffer Bellows in Reign zone.
1:57 of 1st period - Slapshot by Phillip Danault.
1:57 of 1st period - Shot Misses the Net.
1:59 of 1st period - Wrist shot by Mike Amadio.
1:59 of 1st period - Stopped by Ebbe Siönäs with a rebound.
2:17 of 1st period - Sergey Kalinin is hit by Kyle Rau and loses puck.
2:22 of 1st period - Slapshot by Kyle Rau.
2:22 of 1st period - Shot Misses the Net.
2:40 of 1st period - Slapshot by Victor Olofsson.
2:40 of 1st period - Stopped by Carter Hart without a rebound.
2:41 of 1st period - Joel Eriksson Ek wins face-off versus Eric Robinson in Reign zone.
3:06 of 1st period - Christopher Tanev is hit by Alexandre Grenier and loses puck.
3:31 of 1st period - Markus Nutivaara is hit by Antti Suomela and loses puck.
3:42 of 1st period - Nikita Tryamkin is hit by Fredrik Olofsson and loses puck.
4:21 of 1st period - Snap shot by Phillip Danault.
4:21 of 1st period - Stopped by Ebbe Siönäs with a rebound.
4:41 of 1st period - Slapshot by Phillip Danault.
4:41 of 1st period - Stopped by Ebbe Siönäs with a rebound.
5:05 of 1st period - Slapshot by Alex Iafallo.
5:05 of 1st period - Stopped by Ebbe Siönäs with a rebound.
5:07 of 1st period - Slapshot by Phillip Danault.
5:07 of 1st period - Deflect By Alex Iafallo.
5:07 of 1st period - Shot Misses the Net.
5:07 of 1st period - Puck is out of play.
5:08 of 1st period - Sergey Kalinin wins face-off versus Kyle Rau in Wolves zone.
5:08 of 1st period - Markus Nutivaara is hit by Lawson Crouse and loses puck.
5:47 of 1st period - Jordan Schmaltz is hit by Sebastian Aho.
6:21 of 1st period - Snap shot by Jordan Kyrou.
6:21 of 1st period - Shot Blocked by Kyle Rau.
6:23 of 1st period - Snap shot by Roope Hintz.
6:23 of 1st period - Stopped by Ebbe Siönäs with a rebound.
6:25 of 1st period - Snap shot by Thomas Chabot.
6:25 of 1st period - Stopped by Ebbe Siönäs with a rebound.
8:00 of 1st period - Christopher Tanev is hit by Jeffrey Foss and loses puck.
8:17 of 1st period - Jordan Kyrou is hit by Anton Lindholm and loses puck.
9:17 of 1st period - Slapshot by Joachim Blichfeld.
9:17 of 1st period - Shot Blocked by Samuel Girard.
9:38 of 1st period - Jordan Schmaltz is hit by Jalen Chatfield and loses puck.
10:03 of 1st period - Sergey Kalinin is hit by Thomas Spelling and loses puck.
10:14 of 1st period - Jeffrey Foss is hit by Alex Iafallo and loses puck.
10:33 of 1st period - Snap shot by Kyle Rau.
10:33 of 1st period - Shot Blocked by Kale Clague.
10:35 of 1st period - Snap shot by Kyle Rau.
10:35 of 1st period - Stopped by Carter Hart with a rebound.
10:57 of 1st period - Off-side.
10:58 of 1st period - Antti Suomela wins face-off versus Roope Hintz in neutral zone.
11:05 of 1st period - Snap shot by Thomas Spelling.
11:05 of 1st period - Shot Misses the Net.
11:09 of 1st period - Snap shot by Thomas Spelling.
11:09 of 1st period - Goal by Thomas Spelling - Reign : 1 - Wolves : 1.
11:10 of 1st period - Kyle Rau wins face-off versus Sergey Kalinin in neutral zone.
11:31 of 1st period - Minor Penalty to Roope Hintz for Hooking.
11:32 of 1st period - Mike Amadio wins face-off versus Kyle Rau in Reign zone.
13:03 of 1st period - Jeffrey Foss is hit by Joel Eriksson Ek.
13:16 of 1st period - Icing by Kyle Rau.
13:17 of 1st period - Kyle Rau wins face-off versus Phillip Danault in Wolves zone.
13:31 of 1st period - Penalty to Roope Hintz is over, Roope Hintz is back on ice.
13:59 of 1st period - Matthew Tkachuk is hit by Matthew Highmore and loses puck.
14:12 of 1st period - Snap shot by Wade Allison.
14:12 of 1st period - Shot Misses the Net.
14:42 of 1st period - Mike Amadio is hit by Thomas Spelling and loses puck.
15:23 of 1st period - Off-side.
15:24 of 1st period - Joachim Blichfeld wins face-off versus Antti Suomela in neutral zone.
15:27 of 1st period - Snap shot by Joel Eriksson Ek.
15:27 of 1st period - Deflect By Joachim Blichfeld.
15:27 of 1st period - Shot Misses the Net.
15:27 of 1st period - Puck is out of play.
15:28 of 1st period - Antti Suomela wins face-off versus Joel Eriksson Ek in Wolves zone.
15:35 of 1st period - Wrist shot by Antti Suomela.
15:35 of 1st period - Stopped by Carter Hart with a rebound.
15:37 of 1st period - Snap shot by Antti Suomela.
15:37 of 1st period - Stopped by Carter Hart with a rebound.
15:39 of 1st period - Slapshot by Thomas Spelling.
15:39 of 1st period - Shot Misses the Net.
16:24 of 1st period - Off-side.
16:25 of 1st period - Kyle Rau wins face-off versus Alex Iafallo in neutral zone.
16:34 of 1st period - Snap shot by Alexandre Grenier.
16:34 of 1st period - Shot Misses the Net.
17:57 of 1st period - Wrist shot by Jeff Petry.
17:57 of 1st period - Stopped by Carter Hart without a rebound.
17:58 of 1st period - Sebastian Aho wins face-off versus Alex Iafallo in Reign zone.
18:09 of 1st period - Slapshot by Mike Amadio.
18:09 of 1st period - Shot Misses the Net.
18:11 of 1st period - Slapshot by Markus Nutivaara.
18:11 of 1st period - Deflect By Phillip Danault.
18:11 of 1st period - Deflect By Sebastian Aho.
18:11 of 1st period - Stopped by Ebbe Siönäs with a rebound.
18:13 of 1st period - Snap shot by Alex Iafallo.
18:13 of 1st period - Shot Hit the Post.
18:44 of 1st period - Minor Penalty to Jordan Kyrou for Hooking.
18:45 of 1st period - Mike Amadio wins face-off versus Lawson Crouse in Reign zone.
18:54 of 1st period - Slapshot by Alexandre Grenier.
18:54 of 1st period - Stopped by Carter Hart with a rebound.
19:00 of 1st period - Lawson Crouse is hit by Jordan Schmaltz and loses puck.
19:11 of 1st period - Alex Iafallo is hit by Victor Olofsson and loses puck.
19:16 of 1st period - Slapshot by Victor Olofsson.
19:16 of 1st period - Stopped by Carter Hart with a rebound.
19:18 of 1st period - Slapshot by Jeff Petry.
19:18 of 1st period - Stopped by Carter Hart with a rebound.
19:40 of 1st period - Snap shot by Alex Iafallo.
19:40 of 1st period - Stopped by Ebbe Siönäs without a rebound.
19:41 of 1st period - Joel Eriksson Ek wins face-off versus Sebastian Aho in Wolves zone.
Goals for this period are 1 for Reign vs 1 for Wolves.
Shots for this period are 11 for Reign vs 10 for Wolves.
2nd period
0:01 of 2nd period - Kyle Rau wins face-off versus Mike Amadio in neutral zone.
0:06 of 2nd period - Wrist shot by Lawson Crouse.
0:06 of 2nd period - Stopped by Carter Hart with a rebound.
0:26 of 2nd period - Jordan Schmaltz is hit by Joe Morrow.
0:44 of 2nd period - Penalty to Jordan Kyrou is over, Jordan Kyrou is back on ice.
0:47 of 2nd period - Off-side.
0:48 of 2nd period - Rourke Chartier wins face-off versus Antti Suomela in neutral zone.
1:00 of 2nd period - Slapshot by Matthew Tkachuk.
1:00 of 2nd period - Stopped by Ebbe Siönäs with a rebound.
1:02 of 2nd period - Wrist shot by Matthew Tkachuk.
1:02 of 2nd period - Stopped by Ebbe Siönäs without a rebound.
1:03 of 2nd period - Alex Iafallo wins face-off versus Alexandre Grenier in Wolves zone.
1:08 of 2nd period - Snap shot by Alex Iafallo.
1:08 of 2nd period - Stopped by Ebbe Siönäs with a rebound.
1:30 of 2nd period - Jeffrey Foss is hit by Sergey Kalinin and loses puck.
1:52 of 2nd period - Wrist shot by Matthew Tkachuk.
1:52 of 2nd period - Shot Misses the Net.
2:00 of 2nd period - Slapshot by Thomas Chabot.
2:00 of 2nd period - Stopped by Ebbe Siönäs without a rebound.
2:01 of 2nd period - Kyle Rau wins face-off versus Alex Iafallo in Wolves zone.
2:01 of 2nd period - Kyle Rau is hit by Mike Amadio.
2:30 of 2nd period - Off-side.
2:31 of 2nd period - Sergey Kalinin wins face-off versus Sebastian Aho in neutral zone.
2:36 of 2nd period - Slapshot by Roope Hintz.
2:36 of 2nd period - Deflect By Jordan Kyrou.
2:36 of 2nd period - Stopped by Ebbe Siönäs with a rebound.
3:32 of 2nd period - Slapshot by Sebastian Aho.
3:32 of 2nd period - Stopped by Carter Hart without a rebound.
3:33 of 2nd period - Kyle Rau wins face-off versus Alex Iafallo in Reign zone.
3:34 of 2nd period - Slapshot by Alexandre Grenier.
3:34 of 2nd period - Shot Misses the Net.
3:46 of 2nd period - Snap shot by Kyle Rau.
3:46 of 2nd period - Shot Blocked by Markus Nutivaara.
3:48 of 2nd period - Slapshot by Jeffrey Foss.
3:48 of 2nd period - Stopped by Carter Hart with a rebound.
5:17 of 2nd period - Jeffrey Foss is hit by Alex Iafallo and loses puck.
5:43 of 2nd period - Minor Penalty to Charlie McAvoy for Slashing.
5:44 of 2nd period - Mike Amadio wins face-off versus Kyle Rau in Reign zone.
5:52 of 2nd period - Slapshot by Joe Morrow.
5:52 of 2nd period - Deflect By Kyle Rau.
5:52 of 2nd period - Stopped by Carter Hart without a rebound.
5:53 of 2nd period - Kyle Rau wins face-off versus Mike Amadio in Reign zone.
5:54 of 2nd period - Slapshot by Joe Morrow.
5:54 of 2nd period - Goal by Joe Morrow - Reign : 1 - Wolves : 2.
5:55 of 2nd period - Kyle Rau wins face-off versus Alex Iafallo in neutral zone.
6:02 of 2nd period - Snap shot by Kyle Rau.
6:02 of 2nd period - Shot Misses the Net.
6:04 of 2nd period - Slapshot by Jeffrey Foss.
6:04 of 2nd period - Deflect By Alexandre Grenier.
6:04 of 2nd period - Shot Blocked by Jordan Schmaltz.
6:04 of 2nd period - Puck is out of play.
6:05 of 2nd period - Kyle Rau wins face-off versus Alex Iafallo in Reign zone.
6:06 of 2nd period - Slapshot by Lawson Crouse.
6:06 of 2nd period - Stopped by Carter Hart with a rebound.
6:08 of 2nd period - Snap shot by Kyle Rau.
6:08 of 2nd period - Deflect By Lawson Crouse.
6:08 of 2nd period - Shot Misses the Net.
6:08 of 2nd period - Puck is out of play.
6:09 of 2nd period - Kyle Rau wins face-off versus Alex Iafallo in Reign zone.
6:21 of 2nd period - Off-side.
6:22 of 2nd period - Alex Iafallo wins face-off versus Kyle Rau in neutral zone.
6:25 of 2nd period - Jeffrey Foss is hit by Mike Amadio and loses puck.
6:36 of 2nd period - Wrist shot by Kyle Rau.
6:36 of 2nd period - Deflect By Alexandre Grenier.
6:36 of 2nd period - Shot Misses the Net.
6:36 of 2nd period - Puck is out of play.
6:37 of 2nd period - Sergey Kalinin wins face-off versus Sebastian Aho in Reign zone.
7:26 of 2nd period - Snap shot by Victor Olofsson.
7:26 of 2nd period - Deflect By Eric Robinson.
7:26 of 2nd period - Stopped by Carter Hart with a rebound.
7:28 of 2nd period - Wrist shot by Victor Olofsson.
7:28 of 2nd period - Shot Misses the Net.
7:30 of 2nd period - Snap shot by Victor Olofsson.
7:30 of 2nd period - Stopped by Carter Hart with a rebound.
7:32 of 2nd period - Snap shot by Victor Olofsson.
7:32 of 2nd period - Stopped by Carter Hart with a rebound.
7:34 of 2nd period - Snap shot by Sebastian Aho.
7:34 of 2nd period - Stopped by Carter Hart without a rebound.
7:35 of 2nd period - Kyle Rau wins face-off versus Alex Iafallo in Reign zone.
7:48 of 2nd period - Kyle Rau is hit by Alex Iafallo and loses puck.
7:59 of 2nd period - Mike Amadio is hit by Kyle Rau and loses puck.
8:27 of 2nd period - Icing by Kyle Rau.
8:28 of 2nd period - Alexandre Grenier wins face-off versus Sergey Kalinin in Wolves zone.
8:39 of 2nd period - Slapshot by Kyle Rau.
8:39 of 2nd period - Stopped by Carter Hart with a rebound.
8:50 of 2nd period - Icing by Anton Lindholm.
8:51 of 2nd period - Kyle Rau wins face-off versus Rourke Chartier in Wolves zone.
8:51 of 2nd period - Kyle Rau is hit by Kyle Connor.
9:01 of 2nd period - Slapshot by Anton Lindholm.
9:01 of 2nd period - Shot Blocked by Markus Nutivaara.
9:03 of 2nd period - Snap shot by Victor Olofsson.
9:03 of 2nd period - Shot Blocked by Rourke Chartier.
9:05 of 2nd period - Snap shot by Victor Olofsson.
9:05 of 2nd period - Stopped by Carter Hart with a rebound.
9:07 of 2nd period - Wrist shot by Victor Olofsson.
9:07 of 2nd period - Stopped by Carter Hart without a rebound.
9:08 of 2nd period - Sergey Kalinin wins face-off versus Antti Suomela in Reign zone.
9:08 of 2nd period - Sergey Kalinin is hit by Thomas Spelling.
9:15 of 2nd period - Minor Penalty to Fredrik Olofsson for Holding.
9:16 of 2nd period - Alexandre Grenier wins face-off versus Rourke Chartier in Wolves zone.
9:25 of 2nd period - Snap shot by Markus Nutivaara.
9:25 of 2nd period - Stopped by Ebbe Siönäs with a rebound.
10:30 of 2nd period - Wrist shot by Joe Morrow.
10:30 of 2nd period - Stopped by Carter Hart with a rebound.
11:05 of 2nd period - Icing by Thomas Chabot.
11:06 of 2nd period - Alexandre Grenier wins face-off versus Mike Amadio in Reign zone.
11:15 of 2nd period - Penalty to Fredrik Olofsson is over, Fredrik Olofsson is back on ice.
12:44 of 2nd period - Samuel Girard is hit by Matthew Tkachuk and loses puck.
12:53 of 2nd period - Wrist shot by Rourke Chartier.
12:53 of 2nd period - Goal by Rourke Chartier - Reign : 2 - Wolves : 2.
12:54 of 2nd period - Sebastian Aho wins face-off versus Sergey Kalinin in neutral zone.
13:03 of 2nd period - Sergey Kalinin is hit by Anton Lindholm and loses puck.
13:10 of 2nd period - Snap shot by Sebastian Aho.
13:10 of 2nd period - Stopped by Carter Hart with a rebound.
14:18 of 2nd period - Wrist shot by Matthew Highmore.
14:18 of 2nd period - Shot Misses the Net.
14:20 of 2nd period - Snap shot by Jeffrey Foss.
14:20 of 2nd period - Shot Misses the Net.
14:22 of 2nd period - Slapshot by Jeffrey Foss.
14:22 of 2nd period - Stopped by Carter Hart without a rebound.
14:23 of 2nd period - Sergey Kalinin wins face-off versus Lawson Crouse in Reign zone.
14:23 of 2nd period - Sergey Kalinin is hit by Anton Lindholm.
14:49 of 2nd period - Sebastian Aho is hit by Rourke Chartier and loses puck.
15:53 of 2nd period - Off-side.
15:54 of 2nd period - Rourke Chartier wins face-off versus Matthew Highmore in neutral zone.
16:21 of 2nd period - Slapshot by Nikita Tryamkin.
16:21 of 2nd period - Shot Blocked by Samuel Girard.
16:21 of 2nd period - Samuel Girard from Wolves is injured at 16:21 of 2nd period (Upper Body).
16:22 of 2nd period - Kyle Rau wins face-off versus Roope Hintz in Wolves zone.
16:57 of 2nd period - Snap shot by Victor Olofsson.
16:57 of 2nd period - Deflect By Sebastian Aho.
16:57 of 2nd period - Shot Misses the Net.
16:57 of 2nd period - Puck is out of play.
16:58 of 2nd period - Alex Iafallo wins face-off versus Sebastian Aho in Reign zone.
17:28 of 2nd period - Off-side.
17:29 of 2nd period - Kyle Rau wins face-off versus Sergey Kalinin in neutral zone.
17:32 of 2nd period - Snap shot by Kyle Rau.
17:32 of 2nd period - Shot Misses the Net.
18:09 of 2nd period - Slapshot by Thomas Chabot.
18:09 of 2nd period - Shot Blocked by Dylan Coghlan.
18:11 of 2nd period - Wrist shot by Sergey Kalinin.
18:11 of 2nd period - Stopped by Ebbe Siönäs with a rebound.
18:13 of 2nd period - Slapshot by Christopher Tanev.
18:13 of 2nd period - Stopped by Ebbe Siönäs without a rebound.
18:14 of 2nd period - Sebastian Aho wins face-off versus Rourke Chartier in Wolves zone.
18:25 of 2nd period - Snap shot by Rourke Chartier.
18:25 of 2nd period - Stopped by Ebbe Siönäs without a rebound.
18:26 of 2nd period - Antti Suomela wins face-off versus Joel Eriksson Ek in Wolves zone.
18:34 of 2nd period - Off-side.
18:35 of 2nd period - Joel Eriksson Ek wins face-off versus Thomas Spelling in neutral zone.
18:38 of 2nd period - Slapshot by Jordan Schmaltz.
18:38 of 2nd period - Shot Blocked by Antti Suomela.
18:40 of 2nd period - Slapshot by Joachim Blichfeld.
18:40 of 2nd period - Shot Blocked by Jeffrey Foss.
18:42 of 2nd period - Snap shot by Josh Anderson.
18:42 of 2nd period - Shot Blocked by Jeffrey Foss.
18:44 of 2nd period - Wrist shot by Josh Anderson.
18:44 of 2nd period - Stopped by Ebbe Siönäs with a rebound.
18:46 of 2nd period - Wrist shot by Joel Eriksson Ek.
18:46 of 2nd period - Stopped by Ebbe Siönäs with a rebound.
18:48 of 2nd period - Snap shot by Jordan Schmaltz.
18:48 of 2nd period - Stopped by Ebbe Siönäs with a rebound.
18:50 of 2nd period - Wrist shot by Josh Anderson.
18:50 of 2nd period - Stopped by Ebbe Siönäs with a rebound.
18:52 of 2nd period - Wrist shot by Josh Anderson.
18:52 of 2nd period - Stopped by Ebbe Siönäs with a rebound.
18:54 of 2nd period - Slapshot by Jordan Schmaltz.
18:54 of 2nd period - Shot Blocked by Jeffrey Foss.
18:56 of 2nd period - Wrist shot by Josh Anderson.
18:56 of 2nd period - Shot Misses the Net.
19:04 of 2nd period - Slapshot by Markus Nutivaara.
19:04 of 2nd period - Shot Blocked by Fredrik Olofsson.
19:06 of 2nd period - Slapshot by Jordan Schmaltz.
19:06 of 2nd period - Shot Misses the Net.
19:10 of 2nd period - Slapshot by Josh Anderson.
19:10 of 2nd period - Shot Misses the Net.
19:12 of 2nd period - Wrist shot by Joachim Blichfeld.
19:12 of 2nd period - Stopped by Ebbe Siönäs with a rebound.
19:14 of 2nd period - Backhand shot by Joel Eriksson Ek.
19:14 of 2nd period - Stopped by Ebbe Siönäs with a rebound.
19:18 of 2nd period - Snap shot by Joachim Blichfeld.
19:18 of 2nd period - Shot Blocked by Jeffrey Foss.
19:20 of 2nd period - Slapshot by Markus Nutivaara.
19:20 of 2nd period - Shot Blocked by Thomas Spelling.
19:26 of 2nd period - Backhand shot by Joel Eriksson Ek.
19:26 of 2nd period - Stopped by Ebbe Siönäs with a rebound.
19:28 of 2nd period - Snap shot by Joel Eriksson Ek.
19:28 of 2nd period - Goal by Joel Eriksson Ek - Reign : 3 - Wolves : 2.
19:29 of 2nd period - Alex Iafallo wins face-off versus Kyle Rau in neutral zone.
Goals for this period are 2 for Reign vs 1 for Wolves.
Shots for this period are 19 for Reign vs 16 for Wolves.
3rd period
0:01 of 3rd period - Kyle Rau wins face-off versus Sergey Kalinin in neutral zone.
0:34 of 3rd period - Slapshot by Joe Morrow.
0:34 of 3rd period - Stopped by Carter Hart with a rebound.
0:36 of 3rd period - Wrist shot by Sebastian Aho.
0:36 of 3rd period - Stopped by Carter Hart without a rebound.
0:37 of 3rd period - Kyle Connor wins face-off versus Sebastian Aho in Reign zone.
0:37 of 3rd period - Kyle Connor is hit by Victor Olofsson.
0:47 of 3rd period - Snap shot by Rourke Chartier.
0:47 of 3rd period - Stopped by Ebbe Siönäs without a rebound.
0:48 of 3rd period - Kyle Rau wins face-off versus Alex Iafallo in Wolves zone.
0:48 of 3rd period - Kyle Rau is hit by Mike Amadio.
1:14 of 3rd period - Joe Morrow is hit by Logan Stanley and loses puck.
1:23 of 3rd period - Sebastian Aho is hit by Logan Stanley and loses puck.
1:57 of 3rd period - Matthew Highmore is hit by Markus Nutivaara and loses puck.
2:08 of 3rd period - Slapshot by Joachim Blichfeld.
2:08 of 3rd period - Stopped by Ebbe Siönäs without a rebound.
2:09 of 3rd period - Kyle Rau wins face-off versus Alex Iafallo in Wolves zone.
2:14 of 3rd period - Wrist shot by Alex Iafallo.
2:14 of 3rd period - Shot Misses the Net.
2:16 of 3rd period - Wrist shot by Phillip Danault.
2:16 of 3rd period - Shot Misses the Net.
2:18 of 3rd period - Wrist shot by Thomas Chabot.
2:18 of 3rd period - Shot Misses the Net.
2:20 of 3rd period - Wrist shot by Mike Amadio.
2:20 of 3rd period - Shot Misses the Net.
2:22 of 3rd period - Wrist shot by Phillip Danault.
2:22 of 3rd period - Shot Misses the Net.
2:24 of 3rd period - Wrist shot by Thomas Chabot.
2:24 of 3rd period - Deflect By Phillip Danault.
2:24 of 3rd period - Shot Misses the Net.
2:24 of 3rd period - Puck is out of play.
2:25 of 3rd period - Sergey Kalinin wins face-off versus Sebastian Aho in Wolves zone.
3:14 of 3rd period - Off-side.
3:15 of 3rd period - Rourke Chartier wins face-off versus Kyle Rau in neutral zone.
3:47 of 3rd period - Slapshot by Victor Olofsson.
3:47 of 3rd period - Goal by Victor Olofsson - Reign : 3 - Wolves : 3.
3:48 of 3rd period - Alexandre Grenier wins face-off versus Sergey Kalinin in neutral zone.
3:51 of 3rd period - Christopher Tanev is hit by Alexandre Grenier and loses puck.
4:14 of 3rd period - Phillip Danault is hit by Sebastian Aho and loses puck.
4:41 of 3rd period - Wrist shot by Matthew Tkachuk.
4:41 of 3rd period - Stopped by Ebbe Siönäs with a rebound.
4:43 of 3rd period - Snap shot by Rourke Chartier.
4:43 of 3rd period - Stopped by Ebbe Siönäs with a rebound.
5:23 of 3rd period - Snap shot by Alexandre Grenier.
5:23 of 3rd period - Shot Misses the Net.
5:25 of 3rd period - Slapshot by Lawson Crouse.
5:25 of 3rd period - Shot Misses the Net.
5:37 of 3rd period - Mike Amadio is hit by Jeff Petry and loses puck.
6:55 of 3rd period - Slapshot by Sebastian Aho.
6:55 of 3rd period - Stopped by Carter Hart without a rebound.
6:56 of 3rd period - Alex Iafallo wins face-off versus Antti Suomela in Reign zone.
7:05 of 3rd period - Mike Amadio is hit by Thomas Spelling and loses puck.
7:19 of 3rd period - Christopher Tanev is hit by Antti Suomela and loses puck.
7:32 of 3rd period - Slapshot by Alex Iafallo.
7:32 of 3rd period - Stopped by Ebbe Siönäs with a rebound.
7:43 of 3rd period - Minor Penalty to Phillip Danault for Interference.
7:44 of 3rd period - Mike Amadio wins face-off versus Kyle Rau in Reign zone.
7:57 of 3rd period - Slapshot by Joe Morrow.
7:57 of 3rd period - Shot Misses the Net.
7:59 of 3rd period - Snap shot by Victor Olofsson.
7:59 of 3rd period - Stopped by Carter Hart with a rebound.
8:01 of 3rd period - Snap shot by Joe Morrow.
8:01 of 3rd period - Stopped by Carter Hart with a rebound.
8:03 of 3rd period - Wrist shot by Victor Olofsson.
8:03 of 3rd period - Stopped by Carter Hart with a rebound.
8:05 of 3rd period - Slapshot by Jeffrey Foss.
8:05 of 3rd period - Shot Blocked by Christopher Tanev.
9:36 of 3rd period - Jeff Petry is hit by Joel Eriksson Ek and loses puck.
9:43 of 3rd period - Penalty to Phillip Danault is over, Phillip Danault is back on ice.
9:55 of 3rd period - Wrist shot by Thomas Spelling.
9:55 of 3rd period - Goal by Thomas Spelling - Reign : 3 - Wolves : 4.
9:56 of 3rd period - Kyle Rau wins face-off versus Sergey Kalinin in neutral zone.
9:59 of 3rd period - Jordan Kyrou is hit by Kyle Rau and loses puck.
10:22 of 3rd period - Phillip Danault is hit by Eric Robinson and loses puck.
11:03 of 3rd period - Wrist shot by Wade Allison.
11:03 of 3rd period - Shot Misses the Net.
12:13 of 3rd period - Slapshot by Joachim Blichfeld.
12:13 of 3rd period - Stopped by Ebbe Siönäs with a rebound.
12:23 of 3rd period - Alexandre Grenier is hit by Phillip Danault and loses puck.
12:50 of 3rd period - Jordan Kyrou is hit by Joe Morrow and loses puck.
13:24 of 3rd period - Joachim Blichfeld is hit by Alexandre Grenier.
14:03 of 3rd period - Snap shot by Sergey Kalinin.
14:03 of 3rd period - Shot Blocked by Joe Morrow.
14:26 of 3rd period - Snap shot by Rourke Chartier.
14:26 of 3rd period - Stopped by Ebbe Siönäs without a rebound.
14:27 of 3rd period - Matthew Highmore wins face-off versus Rourke Chartier in Wolves zone.
14:35 of 3rd period - Icing by Kale Clague.
14:36 of 3rd period - Kyle Connor wins face-off versus Kyle Rau in Reign zone.
14:51 of 3rd period - Slapshot by Jeff Petry.
14:51 of 3rd period - Shot Hit the Post.
15:03 of 3rd period - Wrist shot by Rourke Chartier.
15:03 of 3rd period - Stopped by Ebbe Siönäs without a rebound.
15:04 of 3rd period - Joel Eriksson Ek wins face-off versus Sebastian Aho in Wolves zone.
15:29 of 3rd period - Joe Morrow is hit by Christopher Tanev and loses puck.
15:47 of 3rd period - Snap shot by Joachim Blichfeld.
15:47 of 3rd period - Deflect By Josh Anderson.
15:47 of 3rd period - Shot Misses the Net.
15:47 of 3rd period - Puck is out of play.
15:48 of 3rd period - Kyle Rau wins face-off versus Rourke Chartier in Wolves zone.
16:15 of 3rd period - Jeff Petry is hit by Markus Nutivaara and loses puck.
16:46 of 3rd period - Backhand shot by Sergey Kalinin.
16:46 of 3rd period - Shot Misses the Net.
17:28 of 3rd period - Minor Penalty to Nikita Tryamkin for Slashing.
17:29 of 3rd period - Mike Amadio wins face-off versus Lawson Crouse in Reign zone.
17:37 of 3rd period - Icing by Joe Morrow.
17:38 of 3rd period - Kyle Rau wins face-off versus Alex Iafallo in Wolves zone.
18:03 of 3rd period - Slapshot by Jeffrey Foss.
18:03 of 3rd period - Stopped by Carter Hart with a rebound.
18:05 of 3rd period - Slapshot by Joe Morrow.
18:05 of 3rd period - Stopped by Carter Hart without a rebound.
18:06 of 3rd period - Sebastian Aho wins face-off versus Mike Amadio in Reign zone.
18:41 of 3rd period - Snap shot by Kyle Rau.
18:41 of 3rd period - Shot Misses the Net.
19:28 of 3rd period - Penalty to Nikita Tryamkin is over, Nikita Tryamkin is back on ice.
19:41 of 3rd period - Slapshot by Kyle Rau.
19:41 of 3rd period - Shot Misses the Net.
19:43 of 3rd period - Slapshot by Kyle Rau.
19:43 of 3rd period - Shot Blocked by Nikita Tryamkin.
19:45 of 3rd period - Wrist shot by Alexandre Grenier.
19:45 of 3rd period - Stopped by Carter Hart with a rebound.
19:47 of 3rd period - Slapshot by Lawson Crouse.
19:47 of 3rd period - Goal by Lawson Crouse - Reign : 3 - Wolves : 5.
19:48 of 3rd period - Joel Eriksson Ek wins face-off versus Liam O'Brien in neutral zone.
Goals for this period are 0 for Reign vs 3 for Wolves.
Shots for this period are 8 for Reign vs 12 for Wolves.
Output by the SimonT Hockey Simulator (STHS) for Francois Prevost